AoeStats
← TenHeinzR2

African Clearing

506558340Analyzed
2v2 RM · 17d ago on Sep 14, 2026· 29m 48s· 4 players
Game mode
Random Map
Map size
Medium (4 player)
Population
200
Speed
Normal
Resources
Standard
Victory
Conquest
Starting age
Dark Age
Ending age
Imperial Age
RankedLock teamsTeams togetherTeam positionsShared explorationLock speedFull tech treeHidden civsTurbo modeCheats
Victory
Defeat
🇵🇪 Huns · Peru
1015
+12
🇵🇪 Mongols · Peru
919
+17
🇧🇷 Armenians · Brazil
971
-16
🇧🇷 Poles · Brazil
890
-13
Rammstilhos
13:18 Feudal Age
21:30 Castle Age
23:42 Husbandry
23:53 Bloodlines
25:23 Stone Mining
27:52 Fletching
28:33 Szlachta Privileges
TenHeinzR2
13:32 Feudal Age
17:02 Double-Bit Axe
20:33 Loom
20:54 Horse Collar
20:36 Man-at-Arms
23:26 Fletching
23:37 Padded Archer Armor
26:29 Castle Age
25:09 Man-at-Arms
25:36 Arson
28:26 Long Swordsman
28:53 Gambesons
29:10 Squires
Lion10K
4:02 Loom
14:11 Feudal Age
20:23 Castle Age
18:16 Double-Bit Axe
19:35 Scale Barding Armor
20:58 Forging
20:46 Gold Mining
kerry capoya
8:30 Loom
13:26 Feudal Age
19:03 Castle Age
17:39 Double-Bit Axe
24:42 Horse Collar
25:49 Pikeman
28:48 Murder Holes
Connection lost

Rejoining the realm…

Still unreachable

The connection could not be restored.

Session expired

The server has moved on; the page needs a fresh start.